 Dungeon Crawl Stone Soup version 0.25-a0-781-gc44aebf4fe (webtiles) character file.

Game seed: 13389759611118928850, levelgen mode: deterministic

1968 Conn the Magician (level 9, 0/55 HPs)
             Began as an Octopode Wizard on Apr 15, 2020.
             Was an Initiate of Sif Muna.
             Slain by a wight
             ... wielding a +2 vorpal dire flail
              (1 damage)
             ... on level 7 of the Dungeon.
             The game lasted 00:34:11 (6452 turns).

Conn the Magician (Octopode Wizard)                 Turns: 6452, Time: 00:34:14

Health: 0/55       AC:  1    Str:  6 (7)  XL:     9   Next: 20%
Magic:  0/28       EV: 14    Int: 21 (23) God:    Sif Muna [......]
Gold:   392        SH:  0    Dex: 11 (13) Spells: 11/22 levels left

rFire    . . .     SeeInvis .   t - +2 flail (protect)
rCold    . . .     Gourm    .   (no shield)
rNeg     . . .     Faith    .   a - +0 hat
rPois    .         Spirit   .   (no amulet)
rElec    .         Reflect  .   d - ring of magical power
rCorr    .         Harm     .   B - ring of protection from magic
MR       +....                  x - +3 ring of dexterity
Stlth    ++++......             (no ring)
HPRegen  0.18/turn              (no ring)
MPRegen  0.21/turn              (no ring)
                                (no ring)
                                (no ring)

@: mighty, very slightly contaminated, lightly drained
A: almost no armour, stealthy swim, amphibious, 8 rings, constrict 8, camouflage
1, gelatinous body 1
a: Renounce Religion


You were on level 7 of the Dungeon.
You worshipped Sif Muna.
Sif Muna was noncommittal.
You were not hungry.

You visited 2 branches of the dungeon, and saw 8 of its levels.

You collected 392 gold pieces.

Inventory:

Hand Weapons
 b - a +1 vampiric hand axe
 j - a +0 short sword
 p - a +1 hunting sling of flaming
 q - a +5 vorpal scythe
 t - a +2 flail of protection (weapon)
 v - a +1 vampiric dagger
 z - a +1 war axe of holy wrath
 F - the +5 mace of Zag Fet {vorpal, Dex+3}
   (You found it on level 5 of the Dungeon)

   It inflicts extra damage upon your enemies.
   It affects your dexterity (+3).
Missiles
 w - 33 sling bullets
Armour
 a - a +0 hat (worn)
Jewellery
 d - a ring of magical power (left tentacle)
 x - a +3 ring of dexterity (on tentacle)
 B - a ring of protection from magic (right tentacle)
Wands
 H - a wand of iceblast (6)
Scrolls
 e - a scroll of remove curse
 g - a scroll of magic mapping
 l - 4 scrolls of teleportation {unknown}
 m - 3 scrolls of enchant weapon {unknown}
 n - 10 scrolls of identify {unknown}
 o - a scroll of fog {unknown}
 u - a scroll of immolation {unknown}
 A - a scroll of fear {unknown}
 E - a scroll of blinking {unknown}
Potions
 f - a potion of stabbing
 h - a potion of flight
 i - a potion of might
 k - 3 potions of curing
Comestibles
 c - 10 rations


   Skills:
 + Level 2.6(2.3) Fighting
 - Level 0.4(2.4) Axes
 + Level 4.3(4.0) Maces & Flails
 + Level 0.2(0.1) Polearms
 + Level 3.4(3.1) Dodging
 + Level 4.8(4.5) Stealth
 * Level 7.2(6.9) Spellcasting
 * Level 4.8(4.5) Conjurations
 + Level 2.0(1.7) Summonings
 + Level 1.7(1.4) Translocations
 + Level 0.2(0.0) Fire Magic
 + Level 1.9(1.6) Air Magic
 + Level 1.6(1.3) Poison Magic
 + Level 0.5(0.2) Evocations


You had 11 spell levels left.
You knew the following spells:

 Your Spells              Type           Power        Failure   Level  Hunger
a - Magic Dart            Conj           ####         1%          1    None
b - Blink                 Tloc           N/A          8%          2    None
c - Call Imp              Summ           ##......     6%          2    None
d - Conjure Flame         Conj/Fire      ###.....     11%         3    #......
e - Mephitic Cloud        Conj/Pois/Air  ###.....     10%         3    #......

Your spell library contained the following spells:

 Spells                   Type           Power        Failure   Level  Hunger
 Slow                     Hex            #.......     14%         2    None


Dungeon Overview and Level Annotations

Branches:
Dungeon (7/15)             Temple (1/1) D:5

Altars:
Ashenzari
Dithmenos
Elyvilon
Fedhas
Gozag
Hepliaklqana
Nemelex Xobeh
Sif Muna
Vehumet
Wu Jian
Xom
Yredelemnul
The Shining One

Annotations:
D:7 Shavain's ghost, novice DsGl


Innate Abilities, Weirdness & Mutations

You cannot wear most types of armour.
You are very stealthy in the water. (Stealth+)
You are amphibious.
You can wear up to eight rings at the same time.
You can use your tentacles to constrict eight enemies at once.
Your skin changes colour to match your surroundings (Stealth+).
Your rubbery body absorbs attacks. (AC +1, EV +1)


Message History

Shavain's ghost misses you.
Casting: Blink (safe; 6% risk of failure)
Confirm with . or Enter, or press ? or * to list all spells.
You blink.
The wight closely misses you. The wight hits you but does no damage.
Something hits you.
* * * LOW HITPOINT WARNING * * *
Casting: Blink (safe; 6% risk of failure)
Confirm with . or Enter, or press ? or * to list all spells.
You don't have enough magic to cast that spell.
Okay, then.
Unknown command.
Unknown command.
Unknown command.
As you read the scroll labeled JYULIY TENU ORI, it crumbles to dust.
You feel aware of your surroundings.
It was a scroll of magic mapping.
The wight closely misses you.
The wight hits you with a +2 vorpal dire flail.
* * * LOW HITPOINT WARNING * * *
You feel drained.
You die...

##...### ###...........#***,**
#.....####.#.......###..#*,,,,
#..................# *,..,,,,,
#..................###...,***,
*#..........##.........,,,,* *,
*#...##.....#...........,,,,****
*#..#####..##..#########.,,..,,*,
#..#* #...##.#...WO..#,....,,,,
..#* ##..##.#@z###..#.....,***
.#* #...#.zz{###(.#.....,*** ,*
##....'..5.(..#z....,,*, ,*
#....'..###..#...##,,,, ,**
*#....#..#*#..#.....,,,, ,,***
*#...#.#.......#.....,,,,
*,,,****#...##.#########,.^..,,,,
***,,,*....###..,,....,,,....,,,,
**,,....#* ####*.%..,,*,.%#*,,*


You could see an ogre, 3 wights, a quasit and Shavain's ghost.

Vanquished Creatures
  Pikel (D:5)
  Grinder (D:6)
  Edmund (D:6)
  A slave (D:5)
  A phantom (D:6)
  An ogre (D:4)
  A centaur (D:6)
  2 bullfrogs (D:6)
  3 howler monkeys
  A bullfrog zombie (D:5)
  2 crimson imps (D:7)
  A quasit (D:6)
  2 hounds
  2 orc priests (D:4)
  3 orc wizards
  Natasha (thrice) (D:4)
  Terence (D:3)
  A worker ant (D:5)
  A killer bee zombie (D:7)
  A hound zombie (D:5)
  8 gnolls
  3 adders
  3 shadow imps
  An adder skeleton (D:4)
  A worm (D:5)
  3 dart slugs
  6 leopard geckos
  14 orcs
  A ball python (D:4)
  5 giant cockroaches
  2 goblins
  3 hobgoblins
  14 jackals
  A quokka (D:3)
  3 bats
  6 frilled lizards
  2 jackal skeletons (D:4)
  4 kobolds
  A quokka skeleton (D:5)
  A quokka zombie (D:6)
  3 rats
115 creatures vanquished.

Vanquished Creatures (collateral kills)
  Sigmund (D:2)
  An orc warrior (D:6)
  A crimson imp (D:5)
  A hobgoblin (D:1)
4 creatures vanquished.

Vanquished Creatures (others)
  A crimson imp (D:5)
  A worm (D:5)
  A jackal (D:5)
3 creatures vanquished.

Grand Total: 122 creatures vanquished

Notes
Turn   | Place    | Note
-------+----------+-------------------------------------------
     0 | D:1      | Conn the Octopode Wizard began the quest for the Orb.
     0 | D:1      | Reached XP level 1. HP: 11/11 MP: 4/4
    67 | D:1      | Reached XP level 2. HP: 17/17 MP: 4/6
    84 | D:1      | Learned a level 2 spell: Blink
    87 | D:1      | Learned a level 2 spell: Call Imp
   483 | D:1      | Reached XP level 3. HP: 15/21 MP: 6/8
  1128 | D:2      | Noticed Sigmund
  1134 | D:2      | Learned a level 3 spell: Mephitic Cloud
  1159 | D:2      | Killed Sigmund
  1159 | D:2      | Reached skill level 4 in Spellcasting
  1159 | D:2      | Reached XP level 4. HP: 11/27 MP: 10/10
  1159 | D:2      | Reached XP level 5. HP: 13/32 MP: 11/11
  1576 | D:3      | Learned a level 3 spell: Conjure Flame
  1933 | D:3      | Noticed Terence
  2204 | D:3      | Killed Terence
  2742 | D:4      | Noticed an ogre
  2749 | D:4      | Reached XP level 6. HP: 37/37 MP: 13/13
  2758 | D:4      | Reached skill level 1 in Maces & Flails
  2758 | D:4      | Reached skill level 5 in Spellcasting
  2842 | D:4      | Found a transporter.
  2863 | D:4      | Found a transporter.
  2871 | D:4      | Noticed Natasha
  2882 | D:4      | Killed Natasha
  3055 | D:4      | Noticed Natasha
  3063 | D:4      | Killed Natasha
  3063 | D:4      | Reached XP level 7. HP: 35/42 MP: 14/14
  3083 | D:4      | Reached skill level 1 in Fighting
  3185 | D:4      | You fall into a shaft and drop 1 floor!
  3185 | D:5      | Entered Level 5 of the Dungeon
  3401 | D:5      | Got an ichor-stained mace
  3402 | D:5      | Identified the +5 mace of Zag Fet {vorpal, Dex+3} (You
                  | found it on level 5 of the Dungeon)
  3452 | D:5      | Noticed Pikel
  3476 | D:5      | HP: 1/43 [slave[Pikel] (6)]
  3523 | D:5      | Killed Pikel
  3523 | D:5      | Reached skill level 1 in Air Magic
  3523 | D:5      | Reached skill level 1 in Poison Magic
  3523 | D:5      | Reached XP level 8. HP: 16/48 MP: 11/16
  3849 | D:5      | Found a staircase to the Ecumenical Temple.
  3871 | Temple   | Entered the Ecumenical Temple
  3876 | Temple   | Became a worshipper of Sif Muna the Loreminder
  4023 | D:6      | Reached skill level 6 in Spellcasting
  4160 | D:6      | Noticed Edmund
  4203 | D:6      | Killed Edmund
  5053 | D:6      | Reached XP level 9. HP: 26/54 MP: 19/19
  5269 | D:6      | Noticed Grinder
  5274 | D:6      | Paralysed by Grinder for 6 turns
  5291 | D:6      | Killed Grinder
  5291 | D:6      | Reached skill level 7 in Spellcasting
  5794 | D:4      | Noticed Natasha
  5801 | D:4      | Killed Natasha
  6207 | D:7      | Found a runed translucent gate.
  6216 | D:7      | Found a runed translucent gate.
  6216 | D:7      | Noticed Shavain's ghost (novice DsGl)
  6217 | D:7      | Found a runed translucent gate.
  6452 | D:7      | HP: 1/55 [wight/+2 vorpal dire flail (5)]
  6452 | D:7      | Slain by a wight

Levels and vault maps discovered:
D:1:      psy_arrival_whirlpool, layout_rooms
D:2:      layout_basic, uniq_sigmund
D:3:      layout_basic, uniq_terence
D:4:      gammafunk_wand_slinger, layout_rooms, first_ration, uniq_natasha
D:5:      layout_cave_pools, minmay_temple_entry_statues_fountains, uniq_pikel
D:6:      layout_basic, st_stairs_14, uniq_grinder, uniq_edmund
D:7:      minmay_evil_eye, layout_layer_cave, gammafunk_ghost_split
Temple:   dpeg_three_leaves_temple

Skill      XL: |  1  2  3  4  5  6  7  8  9 |
---------------+----------------------------+-----
Spellcasting   | 4 5 6 7 |  7.2
Conjurations   | 2 3 4 |  4.8
Stealth        | 3 4 |  4.8
Maces & Flails | 1 3 4 |  4.3
Fighting       | 1 2 |  2.6
Dodging        | 3 |  3.4
Air Magic      | 1 |  1.9
Poison Magic   | 1 |  1.6
Summonings     | 2 |  2.0
Axes           | |  0.4
Polearms       | |  0.2
Translocations | |  1.7
Fire Magic     | |  0.2
Evocations     | |  0.5

Action                   |  1- 3 |  4- 6 |  7- 9 || total
-------------------------+-------+-------+-------++-------
Melee: Hand axe          |    48 |       |       ||    48
       Constrict         |    16 |    12 |    33 ||    61
       Tentacles         |     7 |     6 |    22 ||    35
       Flail             |       |    41 |    68 ||   109
       Scythe            |       |    21 |     1 ||    22
       Mace              |       |       |    96 ||    96
 Cast: Magic Dart        |    20 |    18 |    26 ||    64
       Call Imp          |     3 |       |    22 ||    25
       Mephitic Cloud    |     1 |    18 |    23 ||    42
       Blink             |       |     4 |    14 ||    18
       Conjure Flame     |       |     2 |     6 ||     8
Evoke: Wand              |       |       |    24 ||    24
  Use: Potion            |       |       |    12 ||    12
       Scroll            |       |       |     2 ||     2
 Stab: Sleeping          |       |     3 |     3 ||     6
       Confused          |       |     3 |     3 ||     6
       Distracted        |       |       |     1 ||     1
       Paralysed         |       |       |     5 ||     5
       Invisible         |       |       |     1 ||     1
  Eat: Chunk             |     1 |     7 |     6 ||    14
       Ration            |       |       |     2 ||     2
Armor: Skin              |     7 |     6 |    61 ||    74
Dodge: Dodged            |    54 |    39 |   147 ||   240

Table legend:
 A = Non-vault XP
 B = Vault XP
 C = Vault XP percentage of total XP
 D = Non-vault monster count
 E = Vault monster count
 F = Vault count percentage of total count
                 A         B        C        D         E       F
            +---------+---------+-------+---------+---------+-------
      Total |    1617 |    1195 |  42.5 |     107 |      11 |   9.3
            +---------+---------+-------+---------+---------+-------
        D:1 |      36 |       0 |   0.0 |      20 |       0 |   0.0
        D:2 |      18 |     117 |  86.7 |      10 |       1 |   9.1
        D:3 |     105 |      36 |  25.5 |      20 |       1 |   4.8
        D:4 |     377 |     140 |  27.1 |      21 |       5 |  19.2
        D:5 |     209 |     545 |  72.3 |      13 |       1 |   7.1
        D:6 |     758 |     357 |  32.0 |      20 |       3 |  13.0
        D:7 |     114 |       0 |   0.0 |       3 |       0 |   0.0
            +---------+---------+-------+---------+---------+-------
